 Dungeon Crawl Stone Soup version 0.20.1-1-g8b1a95d (webtiles) character file.

258 Ladykiller69 the Skirmisher (level 5, -5/42 HPs)
             Began as a Mummy Chaos Knight on Aug 16, 2017.
             Slain by a gnoll
             ... wielding a +0 halberd
              (10 damage)
             ... on level 3 of the Dungeon.
             The game lasted 00:05:14 (3017 turns).

Ladykiller69 the Skirmisher (Mummy Chaos Knight)    Turns: 3017, Time: 00:05:14

Health: -5/42      AC:  6    Str: 17    XL:     5   Next: 94%
Magic:  5/5        EV: 12    Int: 11    God:    Xom [..*...]
Gold:   636        SH:  0    Dex: 11    Spells: 4/4 levels left

rFire    x . .     SeeInvis .   a - +0 hand axe (chaos)
rCold    + . .     Gourm    .   (no shield)
rNeg     + + +     Faith    .   b - +2 leather armour
rPois    ∞         Spirit   .   (no helmet)
rElec    .         Reflect  .   (no cloak)
rCorr    .         Harm     .   c - +0 pair of gloves
MR       .....                  (no boots)
Stlth    +.........             (no amulet)
Regen    0.2/turn               (no ring)
MPRegen  0.1/turn               (no ring)

@: no status effects
A: no food or potions, fire vulnerability, cold resistance 1, negative energy
resistance 3, torment resistance, unbreathing
a: Renounce Religion


You were on level 3 of the Dungeon.
You worshipped Xom.
You were a toy of Xom.
You were not hungry.

You visited 1 branch of the dungeon, and saw 4 of its levels.

You collected 636 gold pieces.

Inventory:

Hand Weapons
 a - a +0 hand axe of chaos (weapon)
Armour
 b - a +2 leather armour (worn)
 c - a +0 pair of gloves (worn)
Jewellery
 h - an uncursed ring of protection from fire {unknown}
Scrolls
 d - a scroll of fog {unknown}
 e - a scroll of immolation {unknown}
 f - a scroll of enchant weapon {unknown}
 g - a scroll of teleportation {unknown}
 i - a scroll of fear {unknown}
 j - a scroll of magic mapping {unknown}
 k - a scroll of random uselessness {unknown}
 l - a scroll of remove curse {unknown}
 m - a scroll of blinking {unknown}


   Skills:
 + Level 4.2 Fighting
 * Level 3.8 Axes
 + Level 2.7 Armour
 + Level 1.9 Dodging


You had 4 spell levels left.
You didn't know any spells.

Dungeon Overview and Level Annotations

Branches:
Dungeon (4/15)
 Temple: D:4-7

Altars:
Kikubaaqudgha
The Shining One

Annotations:
D:4 Robin


Innate Abilities, Weirdness & Mutations

You do not eat or drink.
Your flesh is vulnerable to fire.
You are immune to poison.
Your flesh is cold resistant. (rC+)
You are immune to negative energy. (rN+++)
You are immune to unholy pain and torment.
You can survive without breathing.


Message History

You barely miss the gnoll. You hit the gnoll but do no damage.
The gnoll closely misses you. The gnoll completely misses you.
You closely miss the gnoll. You hit the gnoll. You freeze the gnoll.
The gnoll hits you with a halberd. The gnoll hits you but does no damage.
You hit the gnoll.
The gnoll flickers and vanishes!
Deactivating autopickup; reactivate with Ctrl-A.
You closely miss the gnoll. Something hits you but does no damage.
The gnoll closely misses you.
You miss something. You hit the gnoll. You freeze the gnoll.
You kill the gnoll!
Something hits you but does no damage.
You miss something. Something hits you.
* * * LOW HITPOINT WARNING * * *
You miss something. Something hits you.
* * * LOW HITPOINT WARNING * * *
You miss something. Something hits you.
* * * LOW HITPOINT WARNING * * *
You completely miss something. Something barely misses you.
You hit something. You burn something. Something hits you!
You die...

..........#
..##......#
## ###....#
###..###
#....##
#.....######
####...(...##
#####?)..#
##@#.#
#.{......#
#.(......#
#........#
#......[.#
#........#
#$.......#
#........#


There were no monsters in sight!

Vanquished Creatures
  Natasha (D:3)
  3 worker ants (D:4)
  A gnoll (shapeshifter) (D:3)
  2 gnolls (D:3)
  2 adders
  3 worms
  2 dart slugs (D:3)
  5 leopard geckos
  5 orcs (D:3)
  5 giant cockroaches (D:1)
  12 goblins
  3 hobgoblins
  8 kobolds
  2 quokkas
  A ball python (D:2)
  10 bats
  5 frilled lizards
  4 rats
74 creatures vanquished.

Vanquished Creatures (collateral kills)
  Natasha (D:3)
  A goblin (D:3)
  A rat (D:1)
3 creatures vanquished.

Vanquished Creatures (others)
  An orc (D:3)
1 creature vanquished.

Grand Total: 78 creatures vanquished

Notes
Turn   | Place    | Note
-------+----------+-------------------------------------------
     0 | D:1      | Ladykiller69 the Mummy Chaos Knight began the quest for the Orb.
     0 | D:1      | Reached XP level 1. HP: 18/18 MP: 1/1
   252 | D:1      | XOM: divination: detect creatures
   331 | D:1      | Reached XP level 2. HP: 24/24 MP: 2/2
   780 | D:1      | Reached skill level 1 in Dodging
   906 | D:1      | XOM: confusion
  1237 | D:2      | Reached XP level 3. HP: 29/29 MP: 3/3
  1317 | D:2      | XOM: noise
  1350 | D:2      | XOM: medium Erth miscast
  1686 | D:2      | You fall through a shaft for 2 floors!
  1801 | D:4      | Found a glowing golden altar of the Shining One.
  1847 | D:4      | Reached XP level 4. HP: 17/35 MP: 4/4
  2058 | D:4      | XOM: smoke on damage
  2320 | D:4      | XOM: noise
  2330 | D:4      | XOM: severe Summ miscast
  2331 | D:4      | Noticed a red devil
  2343 | D:4      | Noticed Robin
  2396 | D:3      | XOM: confusion
  2402 | D:3      | Reached XP level 5. HP: 32/42 MP: 5/5
  2523 | D:3      | Found an ancient bone altar of Kikubaaqudgha.
  2714 | D:3      | XOM: chaos cloud
  2737 | D:3      | Reached skill level 4 in Fighting
  2765 | D:3      | Noticed Natasha
  2766 | D:3      | XOM: summons 5 friendly demons
  2769 | D:3      | Killed Natasha
  2805 | D:3      | Noticed Natasha
  2819 | D:3      | XOM: summons friendly shadow imp
  2820 | D:3      | Killed Natasha
  2864 | D:3      | XOM: god gift: 410 gold pieces
  3017 | D:3      | Slain by a gnoll

Skill      XL: |  1  2  3  4  5 |
---------------+----------------+-----
Dodging        | 1 |  1.9
Armour         | 2 |  2.7
Axes           | 3 |  3.8
Fighting       | 4 |  4.2

Action                   |  1- 3 |  4- 6 || total
-------------------------+-------+-------++-------
Melee: Hand axe          |   106 |   137 ||   243
Armor: Leather armour    |    62 |    57 ||   119
Dodge: Dodged            |    86 |   108 ||   194
